Mustangs vs Senators
Created - January 12, 2020 at 09:45
Goals
|
| Mustangs |
1 |
2 |
2 |
5 |
| Senators |
1 |
0 |
0 |
1 |
|
Shots
|
| Mustangs |
9 |
11 |
10 |
30 |
| Senators |
7 |
12 |
4 |
23 |
|
1st period
1. Mustangs , Stefan Matteau 17 (Danny Biega 7) at 11:27 (SH)
2. Senators , Nick Foligno 25 (Scott Harrington 18, Matt Frattin 25) at 11:35 (PP)
Penalties :
Alexei Marchenko (Ham) for Roughing (Minor) at 2:20, Alexei Marchenko (Ham) for Tripping (Minor) at 10:28, Melker Karlsson (Ham) for Hooking (Minor) at 17:43
2nd period
3. Mustangs , Josh Jooris 13 (Jonathan Drouin 17, Melker Karlsson 25) at 3:28
4. Mustangs , Iven Barbashev 7 (Danny Biega 8, Kurtis Gabriel 1) at 18:48
Penalties :
Kurtis Gabriel (Ham) for Roughing (Minor) at 16:40
3rd period
5. Mustangs , Stefan Matteau 18 (JT Compher 11, Andrew O'Brien 6) at 6:13
6. Mustangs , Melker Karlsson 21 (Josh Jooris 12, Alexei Marchenko 24) at 17:37 (PP)
Penalties :
Sam Kurker (Ham) for High sticking (Minor) at 3:54, Jack Dougherty (BIN) for Interference (Minor) at 16:16
Goalie Stats
Chet Pickard (Ham), 22 saves from 23 shots - (0.957), W, 14-8-0, 60:00 minutes
Justin Peters (BIN), 25 saves from 30 shots - (0.833), L, 15-8-0, 60:00 minutes
Players Stats for Mustangs
Player Name G A P +/- PIM S H SB GA TA FO MP PP MP PK MP
------------------------------------------------------------------------------------
Alexei Marchenko 0 1 1 0 4 2 5 3 1 0 0/0 25:31 1:06 3:58
Andrew O'Brien 0 1 1 2 0 1 0 1 0 0 0/0 19:22 0:15 3:58
Ben Harpur 0 0 0 1 0 0 1 0 0 0 0/0 21:03 0:15 6:06
Chrstian Dvorak 0 0 0 1 0 1 0 0 1 0 0/0 8:55 0:00 0:00
Dakota Mermis 0 0 0 2 0 1 0 0 0 0 0/0 16:56 0:00 2:30
Damon Severson 0 0 0 1 0 0 2 1 0 0 0/0 22:41 1:06 1:07
Danny Biega 0 2 2 2 0 0 0 0 0 0 0/0 14:26 0:00 0:27
Iven Barbashev 1 0 1 1 0 2 0 0 0 0 1/2 9:12 0:00 0:17
Jonathan Drouin 0 1 1 1 0 5 1 0 0 0 1/1 18:19 1:02 0:00
Josh Jooris 1 1 2 1 0 3 4 0 1 1 2/2 22:54 1:02 4:34
JT Compher 0 1 1 1 0 2 0 0 0 0 0/0 14:15 0:19 0:41
Kurtis Gabriel 0 1 1 1 2 0 1 0 0 0 0/0 8:55 0:00 0:00
Max Gortz 0 0 0 1 0 1 0 0 0 0 0/0 13:33 0:19 0:00
Melker Karlsson 1 1 2 1 2 2 3 0 0 1 19/36 22:11 1:02 3:53
Nick Schmaltz 0 0 0 0 0 1 1 0 0 0 0/4 11:13 0:00 1:03
Sam Kurker 0 0 0 0 2 0 1 0 1 0 0/0 10:07 0:00 0:00
Stefan Matteau 2 0 2 2 0 6 2 1 1 0 4/12 17:23 0:19 3:50
Tuomo Ruutu 0 0 0 1 0 3 1 1 1 1 0/0 13:56 0:00 3:48
Players Stats for Senators
Player Name G A P +/- PIM S H SB GA TA FO MP PP MP PK MP
------------------------------------------------------------------------------------
Adam Ollas-Mattsson 0 0 0 -2 0 0 0 2 0 0 0/0 12:13 0:00 0:49
Blake Coleman 0 0 0 -2 0 0 2 0 0 0 4/6 11:02 0:00 0:00
Chandler Stephenson 0 0 0 -2 0 0 2 0 0 1 5/9 17:33 3:43 0:00
Chris Kunitz 0 0 0 -2 0 1 2 0 2 0 0/0 18:38 3:43 1:05
Dylan Blujus 0 0 0 -1 0 0 1 3 0 0 0/0 27:54 5:02 0:32
Grant Besse 0 0 0 0 0 0 0 0 0 0 0/1 8:23 0:11 0:00
Jack Dougherty 0 0 0 -1 2 1 1 1 0 1 0/0 19:52 4:01 0:00
Jan Mursak 0 0 0 -2 0 1 2 2 0 0 1/2 11:18 0:00 0:16
Keegan Lowe 0 0 0 -1 0 0 0 1 0 1 0/0 20:42 4:01 0:49
Mason Geertsen 0 0 0 -2 0 0 2 0 0 0 0/0 11:24 0:00 0:00
Matt Frattin 0 1 1 0 0 5 0 1 0 1 0/2 21:54 5:03 0:16
Maxim Letunov 0 0 0 0 0 0 1 0 0 0 0/1 7:45 0:00 0:00
Michal Repik 0 0 0 -2 0 1 2 1 0 0 0/0 11:52 0:29 0:00
Nick Foligno 1 0 1 0 0 4 6 1 0 1 3/5 22:30 4:51 1:05
Patrick Maroon 0 0 0 0 0 1 1 0 0 1 0/0 8:39 0:29 0:00
Scott Harrington 0 1 1 -1 0 4 3 4 1 0 0/0 27:54 5:02 0:32
Tomas Jurco 0 0 0 -2 0 4 3 0 0 0 0/0 17:40 3:49 0:00
Zemgus Girgensons 0 0 0 0 0 1 1 0 0 0 17/31 21:25 4:51 0:00
3 Stars
1 - Stefan Matteau (Ham)
2 - Josh Jooris (Ham)
3 - Melker Karlsson (Ham)
Power Play
Mustangs - 1 on 1 Attempt(s) - 100.00%
Senators - 1 on 5 Attempt(s) - 20.00%
Penalty Kill
Mustangs - 4 on 5 Attempt(s) - 80.00%
- Score 1 goal in Penalty Kill
Senators - 0 on 1 Attempt(s) - 0.00%
- Score 0 goal in Penalty Kill
Team Stat
Mustangs - Hits : 22 - Faceoff Wins : 27 - Blocked Shots : 7 - Penalty Minutes : 10
Senators - Hits : 29 - Faceoff Wins : 30 - Blocked Shots : 16 - Penalty Minutes : 2
Official
Referees : Unknown
Linesman : Unknown
Game Notes
No Game Note
Finance
Level 1 -- Attendance: 1525 (76.25%) -- Ticket Income $50,325
Level 2 -- Attendance: 773 (77.30%) -- Ticket Income $11,595
Total Attendance: 2298 (76.60%)
Total Ticket Income: $61,920
Other Income: $3,096
Total Income: $65,016
Mustangs
5 vs 5 Forward
Center Left Wing Right Wing Time % Phy DF OF
1 Melker Karlsson Jonathan Drouin Josh Jooris 40 1 2 2
2 Stefan Matteau JT Compher Max Gortz 30 1 2 2
3 Nick Schmaltz Tuomo Ruutu Sam Kurker 20 1 2 2
4 Iven Barbashev Chrstian Dvorak Kurtis Gabriel 10 1 2 2
5 vs 5 Defense
Defense Defense Time % Phy DF OF
1 Alexei Marchenko Damon Severson 44 1 2 2
2 Ben Harpur Andrew O'Brien 33 1 2 2
3 Dakota Mermis Danny Biega 23 1 2 2
4 Alexei Marchenko Damon Severson 0 1 2 2
PowerPlay Forward
Center Left Wing Right Wing Time % Phy DF OF
1 Melker Karlsson Jonathan Drouin Josh Jooris 60 1 2 2
2 Stefan Matteau JT Compher Max Gortz 40 1 2 2
PowerPlay Defense
Defense Defense Time % Phy DF OF
1 Alexei Marchenko Damon Severson 60 1 2 2
2 Ben Harpur Andrew O'Brien 40 1 2 2
Penalty Kill 4 Players Forward
Center Wing Time % Phy DF OF
1 Melker Karlsson Josh Jooris 60 1 2 2
2 Stefan Matteau Tuomo Ruutu 40 1 2 2
Penalty Kill 4 Players Defense
Defense Defense Time % Phy DF OF
1 Alexei Marchenko Ben Harpur 60 1 2 2
2 Dakota Mermis Andrew O'Brien 40 1 2 2
Penalty Kill - 3 Players Forward
Forward Time % Phy DF OF
1 Melker Karlsson 60 1 2 2
2 Stefan Matteau 40 1 2 2
Penalty Kill - 3 Players Defense
Defense Defense Time % Phy DF OF
1 Alexei Marchenko Ben Harpur 60 1 2 2
2 Dakota Mermis Andrew O'Brien 40 1 2 2
4 vs 4 Forward
Center Wing Time % Phy DF OF
1 Melker Karlsson Josh Jooris 60 1 2 2
2 Stefan Matteau JT Compher 40 1 2 2
4 vs 4 Defense
Defense Defense Time % Phy DF OF
1 Alexei Marchenko Damon Severson 60 1 2 2
2 Ben Harpur Andrew O'Brien 40 1 2 2
Last Minutes Offensive
Center Left Wing Right Wing Defense Defense
Melker Karlsson Jonathan Drouin Josh Jooris Alexei Marchenko Damon Severson
Last Minutes Defensive
Center Left Wing Right Wing Defense Defense
Melker Karlsson Chrstian Dvorak Josh Jooris Alexei Marchenko Ben Harpur
Goaltenders
Starting : Chet Pickard
Backup : Anthony Stolarz
Extra Forwards
Normal : Melker Karlsson, Stefan Matteau, Nick Schmaltz - PP : Josh Jooris, Tuomo Ruutu - PK : Melker Karlsson
Extra Defensemen
Normal : Alexei Marchenko, Ben Harpur, Danny Biega - PP : Damon Severson - PK : Alexei Marchenko, Andrew O'Brien
Penalty Shots
Josh Jooris, Melker Karlsson, Stefan Matteau, JT Compher, Jonathan Drouin
Scratches
Craig Smith (Suspend), Ryan Graves (Healthy), Curtis Hamilton (Healthy), Matthew Finn (Healthy), Jim O'Brien (Healthy)
Raphael Bussieres (Healthy), Michael McCarron (Healthy), Josh Ho-Sang (Healthy), Brett Pollock (Healthy), Steven Spinner (Healthy)
Joacim Eriksson (Healthy)
Senators
5 vs 5 Forward
Center Left Wing Right Wing Time % Phy DF OF
1 Zemgus Girgensons Nick Foligno Matt Frattin 40 1 2 2
2 Chandler Stephenson Chris Kunitz Tomas Jurco 30 1 2 2
3 Blake Coleman Jan Mursak Michal Repik 20 1 2 2
4 Maxim Letunov Patrick Maroon Grant Besse 10 1 2 2
5 vs 5 Defense
Defense Defense Time % Phy DF OF
1 Dylan Blujus Scott Harrington 40 1 2 2
2 Keegan Lowe Jack Dougherty 30 1 2 2
3 Mason Geertsen Adam Ollas-Mattsson 20 1 2 2
4 Dylan Blujus Scott Harrington 10 1 2 2
PowerPlay Forward
Center Left Wing Right Wing Time % Phy DF OF
1 Zemgus Girgensons Nick Foligno Matt Frattin 60 1 2 2
2 Chandler Stephenson Chris Kunitz Tomas Jurco 40 1 2 2
PowerPlay Defense
Defense Defense Time % Phy DF OF
1 Dylan Blujus Scott Harrington 60 1 2 2
2 Keegan Lowe Jack Dougherty 40 1 2 2
Penalty Kill 4 Players Forward
Center Wing Time % Phy DF OF
1 Nick Foligno Chris Kunitz 60 1 2 2
2 Jan Mursak Matt Frattin 40 1 2 2
Penalty Kill 4 Players Defense
Defense Defense Time % Phy DF OF
1 Dylan Blujus Scott Harrington 60 1 2 2
2 Keegan Lowe Jack Dougherty 40 1 2 2
Penalty Kill - 3 Players Forward
Forward Time % Phy DF OF
1 Nick Foligno 60 1 2 2
2 Chris Kunitz 40 1 2 2
Penalty Kill - 3 Players Defense
Defense Defense Time % Phy DF OF
1 Dylan Blujus Scott Harrington 60 1 2 2
2 Keegan Lowe Jack Dougherty 40 1 2 2
4 vs 4 Forward
Center Wing Time % Phy DF OF
1 Nick Foligno Chris Kunitz 60 1 2 2
2 Jan Mursak Matt Frattin 40 1 2 2
4 vs 4 Defense
Defense Defense Time % Phy DF OF
1 Dylan Blujus Scott Harrington 60 1 2 2
2 Keegan Lowe Jack Dougherty 40 1 2 2
Last Minutes Offensive
Center Left Wing Right Wing Defense Defense
Zemgus Girgensons Nick Foligno Matt Frattin Dylan Blujus Scott Harrington
Last Minutes Defensive
Center Left Wing Right Wing Defense Defense
Zemgus Girgensons Nick Foligno Matt Frattin Dylan Blujus Scott Harrington
Goaltenders
Starting : Justin Peters
Backup : Stephon Williams
Extra Forwards
Normal : Patrick Maroon, Michal Repik, Grant Besse - PP : Patrick Maroon, Michal Repik - PK : Grant Besse
Extra Defensemen
Normal : Mason Geertsen, Adam Ollas-Mattsson, Keegan Lowe - PP : Mason Geertsen - PK : Adam Ollas-Mattsson, Keegan Lowe
Penalty Shots
Nick Foligno, Chris Kunitz, Jan Mursak, Matt Frattin, Tomas Jurco
Scratches
Andy Andreoff (Healthy), Brett Bulmer (Healthy), Warren Foegele (Healthy), Jake Evans (Healthy), Pontus Sjalin (Healthy)
Keven Bouchard (Healthy)
% Time on Ice - Mustangs
Lines # - Real PCT - Wanted PCT - Time Play
Normal Forward
1 - 35% - 40% - 17:19
2 - 27% - 30% - 13:14
3 - 20% - 20% - 10:08
4 - 18% - 10% - 8:55
Normal Defense
1 - 41% - 44% - 20:29
2 - 31% - 33% - 15:09
3 - 28% - 23% - 13:58
4 - 0% - 0% - 0:00
PP Forward
1 - 77% - 60% - 1:02
2 - 23% - 40% - 0:19
PP Defense
1 - 81% - 60% - 1:06
2 - 19% - 40% - 0:15
PK Forward
1 - 73% - 60% - 6:37
2 - 27% - 40% - 2:26
PK Defense
1 - 72% - 60% - 6:33
2 - 28% - 40% - 2:30
PK3 Forward
1 - 0% - 60%
2 - 0% - 40%
PK3 Defense
1 - 0% - 60%
2 - 0% - 40%
44 Forward
1 - 0% - 60%
2 - 0% - 40%
44 Defense
1 - 0% - 60%
2 - 0% - 40%
Last Minute Offensive - 0:00
Last Minute Defensive - 0:00
Total
Forward - 60:00
Defense - 60:00
|
% Time on Ice - Senators
Lines # - Real PCT - Wanted PCT - Time Play
Normal Forward
1 - 34% - 40% - 16:58
2 - 28% - 30% - 13:51
3 - 22% - 20% - 11:02
4 - 16% - 10% - 7:45
Normal Defense
1 - 38% - 40% - 18:57
2 - 32% - 30% - 15:52
3 - 23% - 20% - 11:24
4 - 7% - 10% - 3:23
PP Forward
1 - 58% - 60% - 5:14
2 - 42% - 40% - 3:49
PP Defense
1 - 56% - 60% - 5:02
2 - 44% - 40% - 4:01
PK Forward
1 - 80% - 60% - 1:05
2 - 20% - 40% - 0:16
PK Defense
1 - 40% - 60% - 0:32
2 - 60% - 40% - 0:49
PK3 Forward
1 - 0% - 60%
2 - 0% - 40%
PK3 Defense
1 - 0% - 60%
2 - 0% - 40%
44 Forward
1 - 0% - 60%
2 - 0% - 40%
44 Defense
1 - 0% - 60%
2 - 0% - 40%
Last Minute Offensive - 0:00
Last Minute Defensive - 0:00
Total
Forward - 60:00
Defense - 60:00
|
Play-by-Play
1st period
0:01 of 1st period - Zemgus Girgensons wins face-off versus Melker Karlsson in neutral zone.
1:22 of 1st period - Iven Barbashev is hit by Jack Dougherty and loses puck.
1:37 of 1st period - Snap shot by Nick Foligno.
1:37 of 1st period - Stopped by Chet Pickard without a rebound.
1:38 of 1st period - Zemgus Girgensons wins face-off versus Melker Karlsson in Mustangs zone.
2:05 of 1st period - Alexei Marchenko is hit by Mason Geertsen and loses puck.
2:20 of 1st period - Minor Penalty to Alexei Marchenko for Roughing.
2:21 of 1st period - Melker Karlsson wins face-off versus Matt Frattin in Mustangs zone.
3:07 of 1st period - Matt Frattin is hit by Ben Harpur and loses puck.
4:20 of 1st period - Penalty to Alexei Marchenko is over, Alexei Marchenko is back on ice.
4:51 of 1st period - Jan Mursak is hit by Stefan Matteau and loses puck.
6:03 of 1st period - Slapshot by Tuomo Ruutu.
6:03 of 1st period - Stopped by Justin Peters with a rebound.
6:22 of 1st period - Icing by Jonathan Drouin.
6:23 of 1st period - Blake Coleman wins face-off versus Melker Karlsson in Mustangs zone.
6:24 of 1st period - Snap shot by Michal Repik.
6:24 of 1st period - Shot Misses the Net.
6:42 of 1st period - Tuomo Ruutu is hit by Chandler Stephenson and loses puck.
7:05 of 1st period - Wrist shot by Stefan Matteau.
7:05 of 1st period - Stopped by Justin Peters with a rebound.
7:17 of 1st period - Slapshot by Damon Severson.
7:17 of 1st period - Shot Blocked by Scott Harrington.
7:19 of 1st period - Snap shot by Josh Jooris.
7:19 of 1st period - Shot Blocked by Scott Harrington.
7:21 of 1st period - Wrist shot by Melker Karlsson.
7:21 of 1st period - Shot Blocked by Dylan Blujus.
7:23 of 1st period - Slapshot by Andrew O'Brien.
7:23 of 1st period - Stopped by Justin Peters with a rebound.
7:29 of 1st period - Melker Karlsson is hit by Patrick Maroon and loses puck.
8:03 of 1st period - Snap shot by Tuomo Ruutu.
8:03 of 1st period - Shot Blocked by Adam Ollas-Mattsson.
8:20 of 1st period - Off-side.
8:21 of 1st period - Zemgus Girgensons wins face-off versus Stefan Matteau in neutral zone.
9:15 of 1st period - Off-side.
9:16 of 1st period - Chandler Stephenson wins face-off versus Melker Karlsson in neutral zone.
9:41 of 1st period - Tuomo Ruutu is hit by Michal Repik and loses puck.
10:06 of 1st period - Snap shot by Patrick Maroon.
10:06 of 1st period - Stopped by Chet Pickard without a rebound.
10:07 of 1st period - Melker Karlsson wins face-off versus Grant Besse in Mustangs zone.
10:28 of 1st period - Minor Penalty to Alexei Marchenko for Tripping.
10:29 of 1st period - Zemgus Girgensons wins face-off versus Melker Karlsson in Mustangs zone.
11:27 of 1st period - Wrist shot by Stefan Matteau.
11:27 of 1st period - Goal by Stefan Matteau - Mustangs : 1 - Senators : 0.
11:28 of 1st period - Zemgus Girgensons wins face-off versus Melker Karlsson in neutral zone.
11:31 of 1st period - Slapshot by Matt Frattin.
11:31 of 1st period - Shot Misses the Net.
11:33 of 1st period - Snap shot by Scott Harrington.
11:33 of 1st period - Stopped by Chet Pickard with a rebound.
11:35 of 1st period - Slapshot by Nick Foligno.
11:35 of 1st period - Goal by Nick Foligno - Mustangs : 1 - Senators : 1.
11:36 of 1st period - Chandler Stephenson wins face-off versus Melker Karlsson in neutral zone.
11:44 of 1st period - Icing by Andrew O'Brien.
11:45 of 1st period - Melker Karlsson wins face-off versus Chandler Stephenson in Mustangs zone.
12:08 of 1st period - Off-side.
12:09 of 1st period - Zemgus Girgensons wins face-off versus Stefan Matteau in neutral zone.
12:34 of 1st period - Tuomo Ruutu is hit by Jan Mursak and loses puck.
12:41 of 1st period - Keegan Lowe is hit by Sam Kurker and loses puck.
12:58 of 1st period - Slapshot by Jonathan Drouin.
12:58 of 1st period - Stopped by Justin Peters without a rebound.
12:59 of 1st period - Chandler Stephenson wins face-off versus Melker Karlsson in Senators zone.
13:04 of 1st period - Snap shot by Tomas Jurco.
13:04 of 1st period - Stopped by Chet Pickard without a rebound.
13:05 of 1st period - Nick Foligno wins face-off versus Melker Karlsson in Mustangs zone.
13:12 of 1st period - Melker Karlsson is hit by Nick Foligno and loses puck.
14:24 of 1st period - Snap shot by Chrstian Dvorak.
14:24 of 1st period - Stopped by Justin Peters without a rebound.
14:25 of 1st period - Melker Karlsson wins face-off versus Zemgus Girgensons in Senators zone.
14:32 of 1st period - Snap shot by Melker Karlsson.
14:32 of 1st period - Deflect By Zemgus Girgensons.
14:32 of 1st period - Shot Misses the Net.
14:32 of 1st period - Puck is out of play.
14:33 of 1st period - Melker Karlsson wins face-off versus Nick Foligno in Senators zone.
14:36 of 1st period - Snap shot by Jonathan Drouin.
14:36 of 1st period - Stopped by Justin Peters with a rebound.
14:51 of 1st period - Melker Karlsson is hit by Zemgus Girgensons and loses puck.
15:14 of 1st period - Slapshot by Melker Karlsson.
15:14 of 1st period - Stopped by Justin Peters without a rebound.
15:15 of 1st period - Chandler Stephenson wins face-off versus Stefan Matteau in Senators zone.
15:26 of 1st period - Wrist shot by Stefan Matteau.
15:26 of 1st period - Stopped by Justin Peters with a rebound.
16:43 of 1st period - Wrist shot by Chris Kunitz.
16:43 of 1st period - Deflect By Tomas Jurco.
16:43 of 1st period - Deflect By Josh Jooris.
16:43 of 1st period - Shot Misses the Net.
16:43 of 1st period - Puck is out of play.
16:44 of 1st period - Melker Karlsson wins face-off versus Chandler Stephenson in Mustangs zone.
17:07 of 1st period - Melker Karlsson is hit by Chris Kunitz and loses puck.
17:16 of 1st period - Snap shot by Chris Kunitz.
17:16 of 1st period - Shot Misses the Net.
17:22 of 1st period - Wrist shot by Tomas Jurco.
17:22 of 1st period - Stopped by Chet Pickard with a rebound.
17:24 of 1st period - Snap shot by Chris Kunitz.
17:24 of 1st period - Shot Blocked by Alexei Marchenko.
17:32 of 1st period - Slapshot by Chris Kunitz.
17:32 of 1st period - Shot Misses the Net.
17:43 of 1st period - Minor Penalty to Melker Karlsson for Hooking.
17:44 of 1st period - Stefan Matteau wins face-off versus Zemgus Girgensons in Mustangs zone.
17:57 of 1st period - Slapshot by Scott Harrington.
17:57 of 1st period - Stopped by Chet Pickard with a rebound.
17:59 of 1st period - Snap shot by Matt Frattin.
17:59 of 1st period - Shot Blocked by Tuomo Ruutu.
18:55 of 1st period - Tomas Jurco is hit by Nick Schmaltz and loses puck.
19:43 of 1st period - Penalty to Melker Karlsson is over, Melker Karlsson is back on ice.
19:49 of 1st period - Iven Barbashev is hit by Scott Harrington and loses puck.
Goals for this period are 1 for Mustangs vs 1 for Senators.
Shots for this period are 9 for Mustangs vs 7 for Senators.
2nd period
0:01 of 2nd period - Zemgus Girgensons wins face-off versus Stefan Matteau in neutral zone.
0:26 of 2nd period - Josh Jooris is hit by Tomas Jurco and loses puck.
0:57 of 2nd period - Snap shot by Jan Mursak.
0:57 of 2nd period - Shot Blocked by Damon Severson.
1:21 of 2nd period - Tuomo Ruutu is hit by Maxim Letunov and loses puck.
1:36 of 2nd period - Snap shot by Nick Foligno.
1:36 of 2nd period - Stopped by Chet Pickard without a rebound.
1:37 of 2nd period - Melker Karlsson wins face-off versus Zemgus Girgensons in Mustangs zone.
1:46 of 2nd period - Wrist shot by Matt Frattin.
1:46 of 2nd period - Shot Misses the Net.
1:48 of 2nd period - Wrist shot by Zemgus Girgensons.
1:48 of 2nd period - Stopped by Chet Pickard with a rebound.
1:50 of 2nd period - Slapshot by Scott Harrington.
1:50 of 2nd period - Stopped by Chet Pickard with a rebound.
2:29 of 2nd period - Snap shot by Nick Schmaltz.
2:29 of 2nd period - Shot Misses the Net.
2:31 of 2nd period - Snap shot by Tuomo Ruutu.
2:31 of 2nd period - Shot Blocked by Jan Mursak.
2:33 of 2nd period - Snap shot by Tuomo Ruutu.
2:33 of 2nd period - Shot Blocked by Jan Mursak.
2:55 of 2nd period - Danny Biega is hit by Mason Geertsen and loses puck.
3:13 of 2nd period - Snap shot by Stefan Matteau.
3:13 of 2nd period - Shot Misses the Net.
3:15 of 2nd period - Snap shot by Dakota Mermis.
3:15 of 2nd period - Stopped by Justin Peters without a rebound.
3:16 of 2nd period - Chandler Stephenson wins face-off versus Melker Karlsson in Senators zone.
3:16 of 2nd period - Chandler Stephenson is hit by Josh Jooris.
3:28 of 2nd period - Snap shot by Josh Jooris.
3:28 of 2nd period - Deflect By Chris Kunitz.
3:28 of 2nd period - Goal by Josh Jooris - Mustangs : 2 - Senators : 1.
3:29 of 2nd period - Zemgus Girgensons wins face-off versus Melker Karlsson in neutral zone.
3:32 of 2nd period - Snap shot by Matt Frattin.
3:32 of 2nd period - Shot Misses the Net.
3:48 of 2nd period - Josh Jooris is hit by Nick Foligno and loses puck.
3:59 of 2nd period - Ben Harpur is hit by Chris Kunitz and loses puck.
4:06 of 2nd period - Snap shot by Chris Kunitz.
4:06 of 2nd period - Deflect By Tomas Jurco.
4:06 of 2nd period - Shot Blocked by Stefan Matteau.
4:06 of 2nd period - Puck is out of play.
4:07 of 2nd period - Blake Coleman wins face-off versus Stefan Matteau in Mustangs zone.
5:15 of 2nd period - Dylan Blujus is hit by Kurtis Gabriel and loses puck.
6:15 of 2nd period - Stefan Matteau is hit by Tomas Jurco and loses puck.
6:33 of 2nd period - Off-side.
6:34 of 2nd period - Melker Karlsson wins face-off versus Maxim Letunov in neutral zone.
7:01 of 2nd period - Icing by Tuomo Ruutu.
7:02 of 2nd period - Zemgus Girgensons wins face-off versus Nick Schmaltz in Mustangs zone.
7:03 of 2nd period - Wrist shot by Matt Frattin.
7:03 of 2nd period - Stopped by Chet Pickard with a rebound.
7:35 of 2nd period - Danny Biega is hit by Tomas Jurco and loses puck.
7:56 of 2nd period - Wrist shot by Jan Mursak.
7:56 of 2nd period - Stopped by Chet Pickard without a rebound.
7:57 of 2nd period - Melker Karlsson wins face-off versus Zemgus Girgensons in Mustangs zone.
8:32 of 2nd period - Chris Kunitz is hit by Alexei Marchenko.
8:42 of 2nd period - Damon Severson is hit by Michal Repik and loses puck.
8:49 of 2nd period - Wrist shot by Tuomo Ruutu.
8:49 of 2nd period - Stopped by Justin Peters with a rebound.
9:08 of 2nd period - Off-side.
9:09 of 2nd period - Melker Karlsson wins face-off versus Zemgus Girgensons in neutral zone.
9:22 of 2nd period - Snap shot by Melker Karlsson.
9:22 of 2nd period - Shot Blocked by Nick Foligno.
9:43 of 2nd period - Stefan Matteau is hit by Scott Harrington and loses puck.
9:54 of 2nd period - Wrist shot by Stefan Matteau.
9:54 of 2nd period - Stopped by Justin Peters without a rebound.
9:55 of 2nd period - Blake Coleman wins face-off versus Nick Schmaltz in Senators zone.
10:07 of 2nd period - Off-side.
10:08 of 2nd period - Zemgus Girgensons wins face-off versus Melker Karlsson in neutral zone.
10:11 of 2nd period - Wrist shot by Matt Frattin.
10:11 of 2nd period - Shot Blocked by Alexei Marchenko.
10:13 of 2nd period - Snap shot by Nick Foligno.
10:13 of 2nd period - Shot Misses the Net.
10:27 of 2nd period - Melker Karlsson is hit by Nick Foligno and loses puck.
11:52 of 2nd period - Snap shot by Chris Kunitz.
11:52 of 2nd period - Shot Misses the Net.
12:15 of 2nd period - Wrist shot by Max Gortz.
12:15 of 2nd period - Stopped by Justin Peters without a rebound.
12:16 of 2nd period - Melker Karlsson wins face-off versus Chandler Stephenson in Senators zone.
12:27 of 2nd period - Melker Karlsson is hit by Scott Harrington and loses puck.
12:32 of 2nd period - Snap shot by Chris Kunitz.
12:32 of 2nd period - Stopped by Chet Pickard with a rebound.
13:46 of 2nd period - Slapshot by Nick Foligno.
13:46 of 2nd period - Stopped by Chet Pickard with a rebound.
14:15 of 2nd period - Slapshot by Tomas Jurco.
14:15 of 2nd period - Stopped by Chet Pickard with a rebound.
14:27 of 2nd period - Wrist shot by JT Compher.
14:27 of 2nd period - Stopped by Justin Peters without a rebound.
14:28 of 2nd period - Blake Coleman wins face-off versus Nick Schmaltz in Senators zone.
14:39 of 2nd period - Snap shot by Tuomo Ruutu.
14:39 of 2nd period - Stopped by Justin Peters with a rebound.
14:58 of 2nd period - Scott Harrington is hit by Josh Jooris and loses puck.
15:14 of 2nd period - Dylan Blujus is hit by Stefan Matteau and loses puck.
15:22 of 2nd period - Off-side.
15:23 of 2nd period - Zemgus Girgensons wins face-off versus Nick Schmaltz in neutral zone.
15:32 of 2nd period - Backhand shot by Matt Frattin.
15:32 of 2nd period - Stopped by Chet Pickard with a rebound.
15:34 of 2nd period - Snap shot by Jack Dougherty.
15:34 of 2nd period - Stopped by Chet Pickard with a rebound.
15:36 of 2nd period - Snap shot by Matt Frattin.
15:36 of 2nd period - Stopped by Chet Pickard with a rebound.
15:38 of 2nd period - Slapshot by Nick Foligno.
15:38 of 2nd period - Deflect By Matt Frattin.
15:38 of 2nd period - Stopped by Chet Pickard with a rebound.
15:50 of 2nd period - Chandler Stephenson is hit by Melker Karlsson and loses puck.
16:17 of 2nd period - Snap shot by Iven Barbashev.
16:17 of 2nd period - Stopped by Justin Peters without a rebound.
16:18 of 2nd period - Zemgus Girgensons wins face-off versus Iven Barbashev in Senators zone.
16:18 of 2nd period - Zemgus Girgensons is hit by Damon Severson.
16:40 of 2nd period - Minor Penalty to Kurtis Gabriel for Roughing.
16:41 of 2nd period - Zemgus Girgensons wins face-off versus Melker Karlsson in Mustangs zone.
17:21 of 2nd period - Snap shot by Chandler Stephenson.
17:21 of 2nd period - Shot Blocked by Andrew O'Brien.
18:34 of 2nd period - Slapshot by Ben Harpur.
18:34 of 2nd period - Shot Blocked by Michal Repik.
18:36 of 2nd period - Snap shot by JT Compher.
18:36 of 2nd period - Shot Blocked by Jack Dougherty.
18:40 of 2nd period - Penalty to Kurtis Gabriel is over, Kurtis Gabriel is back on ice.
18:40 of 2nd period - Slapshot by Alexei Marchenko.
18:40 of 2nd period - Stopped by Justin Peters without a rebound.
18:41 of 2nd period - Iven Barbashev wins face-off versus Blake Coleman in Senators zone.
18:46 of 2nd period - Wrist shot by Kurtis Gabriel.
18:46 of 2nd period - Shot Misses the Net.
18:48 of 2nd period - Wrist shot by Danny Biega.
18:48 of 2nd period - Deflect By Iven Barbashev.
18:48 of 2nd period - Goal by Iven Barbashev - Mustangs : 3 - Senators : 1.
18:49 of 2nd period - Zemgus Girgensons wins face-off versus Melker Karlsson in neutral zone.
18:56 of 2nd period - Wrist shot by Josh Jooris.
18:56 of 2nd period - Stopped by Justin Peters without a rebound.
18:57 of 2nd period - Melker Karlsson wins face-off versus Zemgus Girgensons in Senators zone.
19:53 of 2nd period - Josh Jooris is hit by Nick Foligno.
Goals for this period are 2 for Mustangs vs 0 for Senators.
Shots for this period are 11 for Mustangs vs 12 for Senators.
3rd period
0:01 of 3rd period - Melker Karlsson wins face-off versus Zemgus Girgensons in neutral zone.
0:04 of 3rd period - Snap shot by Josh Jooris.
0:04 of 3rd period - Deflect By Jonathan Drouin.
0:04 of 3rd period - Shot Misses the Net.
0:04 of 3rd period - Puck is out of play.
0:05 of 3rd period - Melker Karlsson wins face-off versus Zemgus Girgensons in Senators zone.
0:36 of 3rd period - Snap shot by Tomas Jurco.
0:36 of 3rd period - Stopped by Chet Pickard without a rebound.
0:37 of 3rd period - Stefan Matteau wins face-off versus Chandler Stephenson in Mustangs zone.
1:23 of 3rd period - Snap shot by Tomas Jurco.
1:23 of 3rd period - Deflect By Chris Kunitz.
1:23 of 3rd period - Shot Misses the Net.
1:23 of 3rd period - Puck is out of play.
1:24 of 3rd period - Josh Jooris wins face-off versus Zemgus Girgensons in Mustangs zone.
1:35 of 3rd period - Wrist shot by Melker Karlsson.
1:35 of 3rd period - Shot Misses the Net.
1:37 of 3rd period - Snap shot by Melker Karlsson.
1:37 of 3rd period - Shot Hit the Post.
1:39 of 3rd period - Snap shot by Melker Karlsson.
1:39 of 3rd period - Shot Misses the Net.
1:49 of 3rd period - Stefan Matteau is hit by Jan Mursak and loses puck.
3:10 of 3rd period - Danny Biega is hit by Dylan Blujus and loses puck.
3:19 of 3rd period - Snap shot by JT Compher.
3:19 of 3rd period - Stopped by Justin Peters with a rebound.
3:29 of 3rd period - Andrew O'Brien is hit by Nick Foligno and loses puck.
3:54 of 3rd period - Minor Penalty to Sam Kurker for High sticking.
3:55 of 3rd period - Melker Karlsson wins face-off versus Zemgus Girgensons in Mustangs zone.
4:28 of 3rd period - Off-side.
4:29 of 3rd period - Zemgus Girgensons wins face-off versus Stefan Matteau in neutral zone.
5:01 of 3rd period - Chandler Stephenson is hit by Tuomo Ruutu and loses puck.
5:08 of 3rd period - Wrist shot by Tuomo Ruutu.
5:08 of 3rd period - Shot Blocked by Dylan Blujus.
5:54 of 3rd period - Penalty to Sam Kurker is over, Sam Kurker is back on ice.
6:13 of 3rd period - Slapshot by Stefan Matteau.
6:13 of 3rd period - Goal by Stefan Matteau - Mustangs : 4 - Senators : 1.
6:14 of 3rd period - Melker Karlsson wins face-off versus Matt Frattin in neutral zone.
6:41 of 3rd period - Max Gortz is hit by Blake Coleman and loses puck.
8:28 of 3rd period - Mason Geertsen is hit by Alexei Marchenko and loses puck.
9:58 of 3rd period - Snap shot by Nick Schmaltz.
9:58 of 3rd period - Stopped by Justin Peters with a rebound.
10:12 of 3rd period - Patrick Maroon is hit by Melker Karlsson and loses puck.
10:25 of 3rd period - Dylan Blujus is hit by Josh Jooris and loses puck.
10:38 of 3rd period - Kurtis Gabriel is hit by Chandler Stephenson and loses puck.
10:47 of 3rd period - Wrist shot by Chris Kunitz.
10:47 of 3rd period - Shot Blocked by Alexei Marchenko.
10:49 of 3rd period - Slapshot by Scott Harrington.
10:49 of 3rd period - Stopped by Chet Pickard without a rebound.
10:50 of 3rd period - Zemgus Girgensons wins face-off versus Stefan Matteau in Mustangs zone.
11:15 of 3rd period - Tomas Jurco is hit by Josh Jooris and loses puck.
11:24 of 3rd period - Snap shot by Josh Jooris.
11:24 of 3rd period - Shot Blocked by Scott Harrington.
11:38 of 3rd period - Sam Kurker is hit by Blake Coleman.
11:44 of 3rd period - Slapshot by Michal Repik.
11:44 of 3rd period - Stopped by Chet Pickard with a rebound.
12:17 of 3rd period - Matt Frattin is hit by Alexei Marchenko.
12:21 of 3rd period - Jack Dougherty is hit by Melker Karlsson.
13:01 of 3rd period - Snap shot by Josh Jooris.
13:01 of 3rd period - Deflect By Adam Ollas-Mattsson.
13:01 of 3rd period - Stopped by Justin Peters with a rebound.
13:19 of 3rd period - Slapshot by Jonathan Drouin.
13:19 of 3rd period - Stopped by Justin Peters with a rebound.
13:21 of 3rd period - Snap shot by Jonathan Drouin.
13:21 of 3rd period - Stopped by Justin Peters with a rebound.
13:23 of 3rd period - Slapshot by Alexei Marchenko.
13:23 of 3rd period - Deflect By Jonathan Drouin.
13:23 of 3rd period - Stopped by Justin Peters without a rebound.
13:24 of 3rd period - Stefan Matteau wins face-off versus Zemgus Girgensons in Senators zone.
13:25 of 3rd period - Snap shot by JT Compher.
13:25 of 3rd period - Shot Blocked by Keegan Lowe.
13:28 of 3rd period - Icing by Keegan Lowe.
13:29 of 3rd period - Zemgus Girgensons wins face-off versus Stefan Matteau in Senators zone.
13:34 of 3rd period - Max Gortz is hit by Nick Foligno and loses puck.
14:21 of 3rd period - Snap shot by Kurtis Gabriel.
14:21 of 3rd period - Shot Misses the Net.
14:40 of 3rd period - Snap shot by Max Gortz.
14:40 of 3rd period - Shot Misses the Net.
14:42 of 3rd period - Slapshot by JT Compher.
14:42 of 3rd period - Shot Blocked by Dylan Blujus.
14:54 of 3rd period - Backhand shot by Tuomo Ruutu.
14:54 of 3rd period - Shot Misses the Net.
14:56 of 3rd period - Snap shot by Sam Kurker.
14:56 of 3rd period - Shot Misses the Net.
15:06 of 3rd period - Scott Harrington is hit by Alexei Marchenko and loses puck.
15:27 of 3rd period - Patrick Maroon is hit by Damon Severson and loses puck.
16:04 of 3rd period - Scott Harrington is hit by Alexei Marchenko.
16:05 of 3rd period - Icing by Scott Harrington.
16:06 of 3rd period - Stefan Matteau wins face-off versus Blake Coleman in Senators zone.
16:07 of 3rd period - Wrist shot by JT Compher.
16:07 of 3rd period - Shot Blocked by Scott Harrington.
16:09 of 3rd period - Snap shot by Max Gortz.
16:09 of 3rd period - Deflect By JT Compher.
16:09 of 3rd period - Shot Misses the Net.
16:09 of 3rd period - Puck is out of play.
16:10 of 3rd period - Josh Jooris wins face-off versus Zemgus Girgensons in Senators zone.
16:16 of 3rd period - Minor Penalty to Jack Dougherty for Interference.
16:17 of 3rd period - Nick Foligno wins face-off versus Melker Karlsson in Senators zone.
16:30 of 3rd period - Snap shot by Jonathan Drouin.
16:30 of 3rd period - Deflect By Nick Foligno.
16:30 of 3rd period - Shot Misses the Net.
16:30 of 3rd period - Puck is out of play.
16:31 of 3rd period - Nick Foligno wins face-off versus Melker Karlsson in Senators zone.
16:53 of 3rd period - Icing by Melker Karlsson.
16:54 of 3rd period - Melker Karlsson wins face-off versus Nick Foligno in Mustangs zone.
17:25 of 3rd period - Icing by Ben Harpur.
17:26 of 3rd period - Jan Mursak wins face-off versus Melker Karlsson in Mustangs zone.
17:27 of 3rd period - Wrist shot by Matt Frattin.
17:27 of 3rd period - Stopped by Chet Pickard without a rebound.
17:28 of 3rd period - Melker Karlsson wins face-off versus Jan Mursak in Mustangs zone.
17:37 of 3rd period - Wrist shot by Melker Karlsson.
17:37 of 3rd period - Goal by Melker Karlsson - Mustangs : 5 - Senators : 1.
17:38 of 3rd period - Melker Karlsson wins face-off versus Zemgus Girgensons in neutral zone.
17:41 of 3rd period - Slapshot by Damon Severson.
17:41 of 3rd period - Shot Blocked by Matt Frattin.
17:51 of 3rd period - Matt Frattin is hit by Jonathan Drouin and loses puck.
18:35 of 3rd period - Slapshot by Alexei Marchenko.
18:35 of 3rd period - Stopped by Justin Peters without a rebound.
18:36 of 3rd period - Jonathan Drouin wins face-off versus Zemgus Girgensons in Senators zone.
19:08 of 3rd period - Slapshot by Stefan Matteau.
19:08 of 3rd period - Shot Misses the Net.
19:10 of 3rd period - Slapshot by Dakota Mermis.
19:10 of 3rd period - Shot Blocked by Adam Ollas-Mattsson.
19:12 of 3rd period - Snap shot by JT Compher.
19:12 of 3rd period - Shot Misses the Net.
19:14 of 3rd period - Backhand shot by Stefan Matteau.
19:14 of 3rd period - Stopped by Justin Peters with a rebound.
Goals for this period are 2 for Mustangs vs 0 for Senators.
Shots for this period are 10 for Mustangs vs 4 for Senators.
Back to the Top